 Dungeon Crawl Stone Soup version 0.29.1-1-gd02db6906a (webtiles) character file.

Game seed: 7727083101012688017

691 Hubris850 the Digger (level 7, 0/50 HPs)
             Began as a Yellow Draconian Earth Elementalist on Sept 15, 2022.
             Was a Believer of Ru.
             Slain by Pikel
             ... wielding a +0 whip of freezing
              (3 damage)
             ... on level 5 of the Dungeon.
             The game lasted 00:16:30 (4469 turns).

Hubris850 the Digger (DrEE)                         Turns: 4469, Time: 00:16:31

Health: 0/50       AC:  7    Str: 10    XL:     7   Next: 36%
Magic:  4/12       EV: 12    Int: 18    God:    Ru [**....]
Gold:   312        SH:  6    Dex: 11    Spells: 6/12 levels left

rFire   x . .      SeeInvis .   e - +2 dagger (protect)
rCold   x . .      Faith    .   d - +2 buckler
rNeg    . . .      Spirit   .   (body armour unavailable)
rPois   .          Reflect  .   (helmet restricted)
rElec   +          Harm     .   (no cloak)
rCorr   +          Rampage  .   (no gloves)
Will    .....                   b - +0 pair of boots
Stlth   ++........              (no amulet)
HPRegen 0.16/turn               g - ring of Greed {rElec rCorr}
MPRegen 0.13/turn               h - +4 ring of slaying

@: slowed, studying Invocations, very slow
A: spit acid, AC +6, unfitting armour, cold-blooded, temperature sensitive, acid
resistance
a: Breathe Acid, Renounce Religion


You were on level 5 of the Dungeon.
You worshipped Ru.
Ru was pleased with you.
You visited 1 branch of the dungeon, and saw 6 of its levels.
You also visited: Sewer.

You collected 312 gold pieces.

Inventory:

Hand Weapons
 e - a +2 dagger of protection (weapon)
 m - a +0 whip of distortion
Missiles
 q - 3 poisoned darts
Armour
 b - a +0 pair of boots (worn)
 d - a +2 buckler (worn)
Magical Staves
 w - a staff of death
Jewellery
 g - the ring of Greed (left hand) {rElec rCorr}
   (You found it on level 4 of the Dungeon)

   [ring of resist corrosion]

   rElec:     It insulates you from electricity.
   rCorr:     It protects you from acid and corrosion.
 h - a +4 ring of slaying (right hand)
Wands
 c - a wand of polymorph (9)
Scrolls
 k - 2 scrolls of amnesia
 o - 4 scrolls of fear
 s - a scroll of butterflies {unknown}
 u - 2 scrolls of vulnerability
 v - a scroll of enchant armour {unknown}
 y - a scroll of noise {unknown}
 z - a scroll of magic mapping
 A - a scroll of teleportation
 B - 2 scrolls of poison {unknown}
 G - a scroll of brand weapon {unknown}
Potions
 a - a potion of magic
 f - 6 potions of heal wounds
 i - a potion of resistance {unknown}
 j - a potion of haste
 l - a potion of degeneration
 n - a potion of attraction
 p - a potion of brilliance
 r - a potion of might {unknown}
 t - a potion of invisibility {unknown}
 C - 2 potions of lignification {unknown}
 D - a potion of curing {unknown}
 E - a potion of flight {unknown}
 F - a potion of experience {unknown}
Miscellaneous
 x - a tin of tremorstones (1/2)


   Skills:
 + Level 3.3 Dodging
 + Level 3.6 Stealth
 + Level 2.6 Shields
 + Level 3.4 Spellcasting
 + Level 2.0 Conjurations
 + Level 3.1 Transmutations
 + Level 4.2 Earth Magic


You had 6 spell levels left.
You knew the following spells:

 Your Spells              Type           Power      Damage    Failure   Level
a - Sandblast             Erth           36%        2d10      3%          1
b - Stone Arrow           Conj/Erth      28%        3d8       17%         3
c - Passwall              Tmut/Erth      13%        N/A       7%          2

Your spell library contained the following spells:

 Spells                   Type           Power      Damage    Failure   Level
 Magic Dart               Conj           40%        1d5       9%          1
 Call Imp                 Summ           3%         N/A       30%         2
 Sublimation of Blood     Necr           3%         N/A       30%         2
 Petrify                  Tmut/Erth      16%        N/A       41%         4
 Mephitic Cloud           Conj/Pois/Air  5%         N/A       43%         3
 Death Channel            Necr           1%         N/A       100%        6
 Orb of Destruction       Conj           5%         9d5       100%        7


Dungeon Overview and Level Annotations

Branches:
Dungeon (6/15)             Temple (0/1) D:5           Sewer (visited)

Altars:
Dithmenos
Hepliaklqana
Ru
Sif Muna
Wu Jian
Xom
Zin

Shops:
D:3 (

Annotations:
D:5 Pikel


Innate Abilities, Weirdness & Mutations

You can spit globs of acid.
Your golden yellow scales are hard. (AC +6)
You cannot fit into any form of body armour.
You are cold-blooded and may be slowed by cold attacks.
You are sensitive to extremes of temperature. (rF-, rC-)
You are resistant to acid. (rCorr)


Message History

Pikel hits you with a +0 whip of freezing.
Pikel freezes you.
Pikel hits you with a +0 whip of freezing.
Pikel freezes you.
The blast of sand hits Pikel.
Pikel is lightly wounded.
Pikel hits you with a +0 whip of freezing.
Pikel freezes you.
The blast of sand hits Pikel but does no damage.
Pikel is lightly wounded.
You block Pikel's attack.
Pikel hits you with a +0 whip of freezing.
You feel yourself slow down. Pikel freezes you.
You focus your inner power and illuminate Pikel in retribution!
The blast of sand hits Pikel but does no damage.
Pikel is lightly wounded.
You feel yourself speed up.
Pikel hits you with a +0 whip of freezing!
Pikel freezes you.
* * * LOW HITPOINT WARNING * * *
Pikel completely misses you.
The tremorstone explodes into fragments!
The burst of rock shards engulfs Pikel!
Pikel hits you with a +0 whip of freezing.
* * * LOW HITPOINT WARNING * * *
Pikel freezes you.
* * * LOW HITPOINT WARNING * * *
Unknown command.
You are too injured to fight recklessly!
Casting: Sandblast (safe; 3% risk of failure)
Confirm with . or Enter, or press ? or * to list all spells.
Aiming: Stone Arrow (dangerous; 17% risk of failure)
Press: ? - help, Shift-Dir - straight line, f/p - Pikel
Aim: Pikel, wielding a +0 whip of freezing and wearing a +2 robe (moderately wounded, softly glowing, 74% to hit)
The stone arrow hits Pikel!
Pikel is severely wounded.
Pikel hits you with a +0 whip of freezing.
* * * LOW HITPOINT WARNING * * *
You feel yourself slow down. Pikel freezes you.
You die...

.##..........(.(...#...#####...##
....#..............#<..##..#####
#...#.##...........###.#....#
#.#.##.#...........##.......#
..#..#..............##......# ###
..#................##......####..
..............#............###...
#.............###K.....#.........
#...............@.......##...#...
...........##..###...............
...#......###.######...###.......
...#......# #.###.###.###........
...#......# #...................(
#.###....## #....................
...##.....###....................
..###.....##.....................
.......##.#......................


You could see Pikel (corona).

Vanquished Creatures
  Pargi (Sewer)
  An ogre (D:5)
  A black bear (D:4)
  A phantom (D:4)
  A jelly (D:4)
  A hound (D:5)
  An orc priest (D:4)
  Ijyb (D:3)
  5 gnolls
  2 river rats (D:4)
  7 adders
  2 ufetubi
  4 worms (D:4)
  2 dart slugs
  6 orcs
  6 ball pythons
  2 endoplasms
  4 giant cockroaches
  4 goblins
  7 hobgoblins
  8 jackals
  6 quokkas
  2 bats (D:1)
  2 frilled lizards
  2 kobolds
  6 rats
85 creatures vanquished.

Notes
Turn   | Place    | Note
-------+----------+-------------------------------------------
     0 | D:1      | Hubris850 the Draconian Earth Elementalist began the quest
                  | for the Orb.
     0 | D:1      | Reached XP level 1. HP: 14/14 MP: 3/3
   245 | D:1      | Reached XP level 2. HP: 20/20 MP: 3/5
   326 | D:1      | Found a faded altar of an unknown god.
   420 | D:1      | Got Inga's Atlas of Dynamic Unholy Arts
   551 | D:2      | Reached XP level 3. HP: 26/26 MP: 2/6
   738 | D:2      | Learned a level 3 spell: Stone Arrow
   741 | D:2      | Learned a level 2 spell: Passwall
   758 | D:2      | Reached skill level 1 in Shields
   805 | D:2      | Reached XP level 4. HP: 33/33 MP: 3/7
  1688 | D:3      | Found Gogunn's Weapon Boutique.
  1786 | D:3      | Noticed Ijyb
  1800 | D:3      | Killed Ijyb
  1848 | D:3      | Found a glowing silver altar of Zin.
  1855 | D:3      | Found a shadowy altar of Dithmenos.
  1859 | D:3      | Found a shimmering blue altar of Sif Muna.
  1862 | D:3      | Found a sacrificial altar of Ru.
  1868 | D:3      | Reached XP level 5. HP: 38/38 MP: 4/9
  1879 | D:3      | Found a hazy altar of Hepliaklqana.
  1881 | D:3      | Became a worshipper of Ru the Awakened
  2103 | D:3      | Found a shimmering altar of Xom.
  2152 | D:3      | Found an ornate altar of the Wu Jian Council.
  2546 | D:4      | Identified the ring of Greed {rElec rCorr}
  2685 | D:4      | Noticed a black bear
  2695 | D:4      | Killed a black bear
  2696 | D:4      | Reached skill level 1 in Conjurations
  2696 | D:4      | Reached XP level 6. HP: 39/45 MP: 5/10
  2838 | D:4      | Found a glowing drain.
  2846 | Sewer    | Entered a sewer
  2921 | Sewer    | Noticed Pargi
  2929 | Sewer    | Killed Pargi
  2930 | Sewer    | Reached skill level 4 in Earth Magic
  3189 | D:4      | Your scales start taking on a golden yellow colour.
  3189 | D:4      | Reached XP level 7. HP: 36/50 MP: 1/11
  3189 | D:4      | Gained mutation: You are resistant to acid. (rCorr) [Yellow
                  | Draconian growth]
  3528 | D:4      | Gained mutation: You are sensitive to extremes of
                  | temperature. (rF-, rC-) [Ru sacrifice]
  3528 | D:4      | Reached * piety under Ru
  3528 | D:4      | Reached ** piety under Ru
  3797 | D:5      | Entered Level 5 of the Dungeon
  4164 | D:5      | Found a staircase to the Ecumenical Temple.
  4453 | D:6      | Noticed Pikel
  4469 | D:5      | Slain by Pikel

Illustrated notes

Levels and vault maps discovered:
D:1:      nicolae_arrival_memento_mori, layout_rooms,
          hellmonk_ecumenical_altar_heavens_door
D:2:      layout_loops_ring
D:3:      layout_loops_ring, mainiacjoe_overflow_concentric_impassable,
          mainiacjoe_overflow_tiny_flanked,
          nicolae_overflow_hallway_of_the_gods, serial_shops, shop,
          grunt_ministairs_4, uniq_ijyb
D:4:      layout_basic, lightli_sewer_entry_pipes
D:5:      layout_cave_pools, minmay_temple_entry_statues_fountains,
          minmay_hedge_maze
D:6:      layout_gridville, nicolae_vehumet_radiance, minmay_starry_boxes,
          uniq_menkaure, uniq_pikel, uniq_edmund

Skill      XL: |  1  2  3  4  5  6  7 |
---------------+----------------------+-----
Stealth        | 2 3 |  3.6
Dodging        | 2 3 |  3.3
Shields        | 1 2 |  2.6
Transmutations | 2 3 |  3.1
Spellcasting   | 3 |  3.4
Conjurations   | 1 2 |  2.0
Earth Magic    | 4 |  4.2

Action                   |  1- 3 |  4- 6 |  7- 9 || total
-------------------------+-------+-------+-------++-------
Melee: Dagger            |    24 |    48 |     2 ||    74
       Tailslap          |     4 |     6 |       ||    10
Throw: Dart              |     6 |    12 |     3 ||    21
 Cast: Sandblast         |    31 |    84 |    19 ||   134
       Stone Arrow       |       |       |     1 ||     1
Invok: Sacrifice Resista |       |       |     1 ||     1
 Abil: Breathe Acid      |       |       |     3 ||     3
Evoke: Tin of tremorston |       |       |     1 ||     1
  Use: Scroll            |       |     8 |     4 ||    12
 Stab: Sleeping          |       |       |     2 ||     2
Armor: Skin              |     8 |    27 |     2 ||    37
Dodge: Dodged            |    13 |    49 |     7 ||    69
Block: Buckler           |     9 |    20 |     2 ||    31
